 Dungeon Crawl Stone Soup version 0.27.0-1-g7a089689b8 (webtiles) character file.

Game seed: 1825734429240763090

113 Delamore the Sneak (level 4, 0/30 HPs)
             Began as an Octopode Brigand on Aug 7, 2021.
             Slain by a gnoll (9 damage)
             ... on level 3 of the Dungeon.
             The game lasted 00:01:17 (2367 turns).

Delamore the Sneak (Octopode Brigand)               Turns: 2367, Time: 00:01:18

Health: 0/30       AC:  1    Str: 10    XL:     4   Next: 96%
Magic:  4/4        EV: 13    Int: 13    God:
Gold:   173        SH:  0    Dex: 14    Spells: 3/3 levels left

rFire    . . .     SeeInvis .   a - +2 dagger
rCold    . . .     Faith    .   (no shield)
rNeg     . . .     Spirit   .   (helmet restricted)
rPois    .         Reflect  .   g - amulet of magic regeneration
rElec    .         Harm     .   (no ring)
rCorr    .         Rampage  .   (no ring)
Will     .....                  (no ring)
Stlth    ++++......             (no ring)
HPRegen  0.10/turn              (no ring)
MPRegen  0.34/turn              (no ring)
                                (no ring)
                                (no ring)

@: no status effects
A: almost no armour, amphibious, 8 rings, camouflage 1, gelatinous body 1,
(nimble swimmer 1), tentacles
a: no special abilities


You were on level 3 of the Dungeon.
You visited 1 branch of the dungeon, and saw 3 of its levels.

You collected 173 gold pieces.

Inventory:

Hand Weapons
 a - a +2 dagger (weapon)
Missiles
 b - 25 poisoned darts (quivered)
 c - a curare-tipped dart
Jewellery
 g - an amulet of magic regeneration (around mantle)
 h - a ring of fire
Wands
 i - a wand of flame (17)
Scrolls
 j - a scroll of identify {unknown}
Potions
 d - a potion of magic {unknown}
 e - 2 potions of might {unknown}
 f - a potion of haste {unknown}


   Skills:
 + Level 2.9 Fighting
 * Level 3.7 Short Blades
 - Level 2.0 Throwing
 + Level 2.3 Dodging
 - Level 5.3 Stealth


You had 3 spell levels left.
You didn't know any spells.
Your spell library contained the following spells:

 Spells                   Type           Power      Damage    Failure   Level
 Sandblast                Erth           0%         2d4       30%         1
 Slow                     Hex            0%         N/A       43%         2
 Stone Arrow              Conj/Erth      0%         3d7       67%         3
 Lee's Rapid Deconstruct  Erth           0%         3d5*      100%        5
 Shatter                  Erth           0%         3d5*      100%        9


Dungeon Overview and Level Annotations

Branches:
Dungeon (3/15)

Altars:
Kikubaaqudgha


Innate Abilities, Weirdness & Mutations

You cannot wear most types of armour.
You are amphibious.
You can wear up to eight rings at the same time.
Your skin changes colour to match your surroundings (Stealth+).
Your rubbery body absorbs attacks. (AC +1, EV +1)
((You are camouflaged near water. (Stealth+)))
You have tentacles for arms and can constrict up to eight enemies at once.


Message History

You release your grip on the gnoll.
Throw: 2 darts (curare)
Press: ? - help, Q - select action, (/) - cycle Shift-Dir - straight line, f - gnoll
Aim: a gnoll, wielding a +0 flail (moderately wounded, 64% to hit)
You throw a curare-tipped dart. The curare-tipped dart hits the gnoll.
The gnoll is poisoned.
The gnoll convulses.
The gnoll seems to slow down.
The gnoll is heavily wounded.
The gnoll closely misses you.
You kill the gnoll!
You see here 22 arrows.
Throw: 29 darts (poison)
Press: ? - help, Q - select action, (/) - cycle Shift-Dir - straight line, f - gnoll
Aim: a gnoll, wielding a +0 flail (64% to hit)
You throw a poisoned dart.
The poisoned dart closely misses the gnoll.
Throw: 28 darts (poison)
Press: ? - help, Q - select action, (/) - cycle Shift-Dir - straight line, f/p - gnoll
Aim: a gnoll, wielding a +0 flail (64% to hit)
You throw a poisoned dart.
The poisoned dart closely misses the gnoll.
Throw: 27 darts (poison)
Press: ? - help, Q - select action, (/) - cycle Shift-Dir - straight line, f/p - gnoll
Aim: a gnoll, wielding a +0 flail (64% to hit)
You throw a poisoned dart. The poisoned dart hits the gnoll.
The gnoll is poisoned.
The gnoll looks more healthy.
An adder comes into view.
There is a stone staircase leading up here.
Throw: 26 darts (poison)
Press: ? - help, Q - select action, (/) - cycle Shift-Dir - straight line, f/p - gnoll
Aim: a gnoll, wielding a +0 flail (severely wounded, 64% to hit)
You throw a poisoned dart. The poisoned dart hits the gnoll.
The gnoll is poisoned.
The gnoll is severely wounded.
The adder hisses angrily.
You closely miss the gnoll. You grab the gnoll.
The gnoll is almost dead.
You constrict the gnoll. The gnoll hits you with a +0 flail!
You die...

..## [..#### ######
...(..#######....# #.#
..###(...........#
#..#
#..##.≈≈≈§.≈≈≈≈..##..#
##....≈....§..≈.....#
##...≈.§§≈§≈.≈(##.##
#.#.≈.≈§..≈.≈g##.#
#...≈.≈._S≈.≈.@..#
##..≈.§§.§≈.≈...##
##§≈§§§≈≈≈.≈...###
#.≈..§....≈.#...#
#.≈≈≈≈≈≈≈≈≈†#.#.#
.................#.#
####.#.####.....## .
#...# #..###..# ..
#.......## ##... ..


You could see a gnoll (poisoned) and an adder.

Vanquished Creatures
  A bullfrog zombie (D:3)
  2 gnolls (D:3)
  2 adders
  2 worms (D:2)
  A dart slug (D:1)
  4 endoplasms
  3 giant cockroaches
  3 goblins
  5 hobgoblins
  A quokka (D:2)
  6 ball pythons
  3 frilled lizards (D:1)
  2 kobolds
  2 rats
37 creatures vanquished.

Notes
Turn   | Place    | Note
-------+----------+-------------------------------------------
     0 | D:1      | Delamore the Octopode Brigand began the quest for the Orb.
     0 | D:1      | Reached XP level 1. HP: 14/14 MP: 1/1
   120 | D:1      | Reached XP level 2. HP: 7/19 MP: 2/2
   653 | D:1      | Got Jelaoc's Disquisition on Bewitching Clay
   782 | D:1      | Found a faded altar of an unknown god.
   805 | D:1      | Reached XP level 3. HP: 25/25 MP: 3/3
  2145 | D:3      | Found an ancient bone altar of Kikubaaqudgha.
  2198 | D:3      | Reached XP level 4. HP: 22/30 MP: 4/4
  2367 | D:3      | Slain by a gnoll

Illustrated notes

Levels and vault maps discovered:
D:1:      dpeg_arrival_signposts, layout_basic,
          hellmonk_ecumenical_altar_pennies_from_heaven
D:2:      layout_basic
D:3:      minmay_wonky_spiral, layout_rooms, pdpol_wu_jian_five_deadly_venoms,
          mainiacjoe_overflow_concentric_impassable, uniq_grinder

Skill      XL: |  1  2  3 |
---------------+----------+-----
Short Blades   | 3 |  3.7
Dodging        | 2 |  2.3
Fighting       | |  2.9
Throwing       | |  2.0
Stealth        | |  5.3

Action                   |  1- 3 |  4- 6 || total
-------------------------+-------+-------++-------
Melee: Dagger            |    62 |     8 ||    70
       Tentacles         |    11 |     2 ||    13
       Constrict         |    10 |     3 ||    13
Throw: Dart              |       |     5 ||     5
 Stab: Sleeping          |    15 |     2 ||    17
Armor: Skin              |     1 |       ||     1
Dodge: Dodged            |    19 |     4 ||    23
